 Seeded DCSS version 0.27.1-3-gb3d3a73c9e (webtiles) character file.

Game seed: 20211022 (custom seed)

9 jessy the Cudgeller (level 2, 0/25 HPs)
             Began as a Minotaur Gladiator on Oct 22, 2021.
             Frozen to death by an endoplasm (1 damage)
             ... on level 1 of the Dungeon.
             The game lasted 00:00:56 (339 turns).

jessy the Cudgeller (Minotaur Gladiator)             Turns: 339, Time: 00:00:56

Health: 0/25       AC:  3    Str: 18    XL:     2   Next: 6%
Magic:  1/1        EV: 12    Int:  5    God:
Gold:   8          SH:  0    Dex: 11    Spells: 1/1 levels left

rFire    . . .     SeeInvis .   e - +1 short sword (venom)
rCold    . . .     Faith    .   (no shield)
rNeg     . . .     Spirit   .   b - +0 leather armour
rPois    .         Reflect  .   c - +0 hat
rElec    .         Harm     .   (no cloak)
rCorr    .         Rampage  .   (no gloves)
Will     .....                  (no boots)
Stlth    +.........             (no amulet)
HPRegen  0.08/turn              (no ring)
MPRegen  0.07/turn              (no ring)

@: no status effects
A: horns 2, retaliatory headbutt
a: no special abilities


You were on level 1 of the Dungeon.
You visited 1 branch of the dungeon, and saw 1 of its levels.

You collected 8 gold pieces.

Inventory:

Hand Weapons
 a - a +0 flail
 e - a +1 short sword of venom (weapon)
Missiles
 d - 3 throwing nets (quivered)
Armour
 b - a +0 leather armour (worn)
 c - a +0 hat (worn)


   Skills:
 + Level 2.5 Fighting
 + Level 4.1 Maces & Flails
 + Level 2.0 Throwing
 + Level 3.4 Dodging


You had one spell level left.
You didn't know any spells.
Your spell library was empty.

Dungeon Overview and Level Annotations

Branches:
Dungeon (1/15)

Altars:


Innate Abilities, Weirdness & Mutations

You have a pair of horns on your head.
You reflexively headbutt those who attack you in melee.


Message History

Found a stone staircase leading down.
You closely miss the kobold.
You headbutt the kobold, but do no damage.
The kobold hits you with a +1 short sword of venom.
You are poisoned.
You feel very sick. The kobold hits you but does no damage.
You are more poisoned.
You feel very sick. The kobold closely misses you.
The endoplasm quivers.
You hit the kobold.
You kill the kobold!
You feel very sick.
You feel sick.
Things that are here:
a +1 short sword of venom; a stone; a kobold corpse
e - a +1 short sword of venom You feel sick.
Your +1 short sword of venom begins to drip with poison!
e - a +1 short sword of venom (weapon)
You feel sick.
You feel sick.
You feel sick. The endoplasm closely misses you.
Things that are here:
a stone; a kobold corpse You feel sick.
You feel sick. The endoplasm freezes you.
You are frozen.
* * * LOW HITPOINT WARNING * * *
You feel sick.
You are no longer poisoned.
The endoplasm freezes you.
You are frozen.
* * * LOW HITPOINT WARNING * * *
You hit the endoplasm but do no damage.
The endoplasm is poisoned.
The endoplasm freezes you.
You are frozen.
You die...

#>.##.##.#.....######
############÷.......#
#...........######.#
..........#÷.# #...
#.........##.# ..#
#......†.†##.##.####
###.....#).#.#......
#..#####†....#....
#.. ##.@....... #.
##J.##.... . #..## ..
.. #.(.# #.#...#
#..........
#............
#..#.........
..##..!......


You could see an endoplasm (very poisoned).

Vanquished Creatures
  A ball python (D:1)
  An endoplasm (D:1)
  A giant cockroach (D:1)
  A hobgoblin (D:1)
  A quokka (D:1)
  A bat (D:1)
  2 kobolds (D:1)
  A rat (D:1)
9 creatures vanquished.

Notes
Turn   | Place    | Note
-------+----------+-------------------------------------------
     0 | D:1      | jessy the Minotaur Gladiator began the quest for the Orb.
     0 | D:1      | Reached XP level 1. HP: 18/18 MP: 0/0
   234 | D:1      | Reached skill level 4 in Maces & Flails
   248 | D:1      | Reached XP level 2. HP: 19/25 MP: 1/1
   338 | D:1      | HP: 1/25 [frozen (1)]
   339 | D:1      | Frozen to death by an endoplasm

Illustrated notes

Levels and vault maps discovered:
D:1:      minmay_arrival_jagged, layout_rooms,
          ebering_ecumenical_altar_sacrificial, serial_corexii_hall,
          chequers_hall_statues_wall_a, corexii_hall_statues_s,
          corexii_hall_statues_l, chequers_hall_statues_corner_a, minmay_tripent

Skill      XL: |  1 |
---------------+----+-----
Maces & Flails | 4 |  4.1
Fighting       | |  2.5
Throwing       | |  2.0
Dodging        | |  3.4

Action                   || total
-------------------------++-------
Melee: Flail             ||    18
       Headbutt          ||     2
       Short sword       ||     1
Armor: Leather armour    ||     8
Dodge: Dodged            ||    21
